 Dungeon Crawl Stone Soup version 0.27-a0-1291-geefcff550b (webtiles) character file.

Game seed: 17247024268837379000

10914 dickylongcocking the Spry (level 12, -8/88 HPs)
             Began as a Djinni Hedge Wizard on June 16, 2021.
             Was a High Priest of Makhleb.
             Killed by the air
             ... invoked by Gastronok
              (27 damage)
             ... on level 11 of the Dungeon.
             The game lasted 00:19:49 (11281 turns).

dickylongcocking the Spry (Djinni Hedge Wizard)    Turns: 11281, Time: 00:19:49

Health: -8/88      AC: 17    Str:  9    XL:     12   Next: 1%
Gold:   134        EV: 29    Int: 27    God:    Makhleb [*****.] SH:  0 Dex: 23

rFire    + + .     SeeInvis +   Z - staff of cold
rCold    . . .     Faith    .   (no shield)
rNeg     . . .     Spirit   .   D - +1 robe "Guse" {*Corrode Int+6}
rPois    ∞         Reflect  .   c - +1 hat "Rymobra" {rElec Dex+4 SInv}
rElec    +         Harm     .   (no cloak)
rCorr    .         Rampage  .   Y - +2 pair of gloves {archery}
Will     +....                  (boots unavailable)
Stlth    ++........             l - amulet of regeneration
HPRegen  1.24/turn              i - +4 ring of evasion
MPRegen  0.00/turn              L - +6 ring of dexterity

@: ice-armoured, freezing walls, flying, very slightly contaminated
A: sickness immunity, fire resistance 2, cold vulnerability 1, float, innate
caster, hp casting, extra vitality 1
a: Renounce Religion, Minor Destruction, Lesser Servant of Makhleb, Major
Destruction, Greater Servant of Makhleb


You were on level 11 of the Dungeon.
You worshipped Makhleb.
Makhleb was extremely pleased with you.
You visited 1 branch of the dungeon, and saw 11 of its levels.
You also visited: Sewer and Ossuary.

You collected 741 gold pieces.
You spent 607 gold pieces at shops.

Inventory:

Hand Weapons
 a - a +0 dagger
 f - a +0 dagger
 n - a +2 short sword of speed
 E - a +1 whip of venom
 F - a +2 vorpal flail
 T - a +2 short sword of electrocution
 V - a +5 scimitar of freezing
 W - a +2 scimitar of flaming
Missiles
 u - 3 curare-tipped darts
 z - 5 atropa-tipped darts
 K - 2 throwing nets
Armour
 b - a +0 robe
 c - the +1 hat "Rymobra" (worn) {rElec Dex+4 SInv}
   (You bought it in a shop on level 3 of the Dungeon)

   It affects your dexterity (+4).
   It insulates you from electricity.
   It lets you see invisible.
 e - a +2 pair of gloves
 r - a +1 hat
 s - a +2 hat
 D - the +1 robe "Guse" (worn) {*Corrode Int+6}
   (You found it on level 6 of the Dungeon)

   It affects your intelligence (+6).
   It may corrode you when you take damage.
 Y - a +2 pair of gloves of archery (worn)
Magical Staves
 Z - a staff of cold (weapon)
Jewellery
 i - a +4 ring of evasion (left hand)
 l - an amulet of regeneration (around neck)
 t - a ring of resist corrosion
 L - a +6 ring of dexterity (right hand)
Wands
 k - a wand of flame (15)
 m - a wand of polymorph (10)
 o - a wand of digging (4)
 w - a wand of acid (14)
 y - a wand of paralysis (8)
 I - a wand of mindburst (26)
Scrolls
 d - a scroll of brand weapon {unknown}
 g - 2 scrolls of enchant armour
 h - 2 scrolls of fog {unknown}
 j - a scroll of magic mapping {unknown}
 p - a scroll of holy word {unknown}
 q - 6 scrolls of teleportation
 x - a scroll of amnesia {unknown}
 A - a scroll of fear
 C - a scroll of silence
 J - 3 scrolls of vulnerability {unknown}
 N - 4 scrolls of immolation {unknown}
 U - 2 scrolls of blinking {unknown}
 X - 2 scrolls of enchant weapon {unknown}
Potions
 v - a potion of berserk rage
 B - 3 potions of might
 G - 3 potions of mutation {unknown}
 H - 2 potions of curing
 M - 12 potions of degeneration {unknown}
 P - a potion of lignification {unknown}
 Q - 2 potions of attraction {unknown}
 R - 2 potions of brilliance {unknown}
 S - 2 potions of haste {unknown}


   Skills:
 * Level 8.5 Fighting
 - Level 4.2 Long Blades
 * Level 6.7 Armour
 - Level 15.1 Dodging
 - Level 1.5 Stealth
 - Level 7.0 Spellcasting


You couldn't memorise any spells.
You knew the following spells:

 Your Spells              Type           Power      Damage    Failure   Level
a - Magic Dart            Conj           100%       1d8       1%          1
b - Blink                 Tloc           N/A        N/A       1%          2
c - Call Imp              Summ           47%        N/A       1%          2
d - Slow                  Hex            47%        N/A       1%          2
e - Conjure Flame         Conj/Fire      47%        6-21      1%          3
f - Mephitic Cloud        Conj/Pois/Air  47%        N/A       1%          3
g - Freeze                Ice            100%       1d11      1%          1
h - Wereblood             Tmut           47%        N/A       1%          2
i - Ozocubu's Armour      Ice            63%        N/A       1%          3
j - Frozen Ramparts       Ice            100%       1d12      1%          3
k - Lightning Bolt        Conj/Air       23%        1d39      9%          5
Your spell library was empty.

Dungeon Overview and Level Annotations

Branches:
Dungeon (11/15)            Temple (0/1) D:5            Lair (0/6) D:10
    Orc (0/2) D:10          Sewer (visited)         Ossuary (visited)

Altars:
Ashenzari
Hepliaklqana
Makhleb
Nemelex Xobeh
Vehumet
Yredelemnul
Zin
Beogh

Shops:
D:3 [   D:11 [[=[

Annotations:
D:11 Gastronok


Innate Abilities, Weirdness & Mutations

You are immune to sickness and miasma.
You are immune to poison.
Your flesh is very heat resistant. (rF++)
You are vulnerable to cold. (rC-)
You float through the air rather than walking.
You learn spells naturally, not from books.
Your magical power is your life essence.
You have superior vitality. (+4 HP)


Message History

Unknown command.
Unknown command.
Casting: Lightning Bolt (dangerous; 9% risk of failure)
Confirm with . or Enter, or press ? or * to list all spells.
Okay, then.
Casting: Lightning Bolt (dangerous; 9% risk of failure)
Confirm with . or Enter, or press ? or * to list all spells.
Aiming: Mephitic Cloud (safe; 1% risk of failure)
Press: ? - help, Shift-Dir - straight line The ball explodes into a vile cloud!
The stinking cloud engulfs Gastronok but does no damage.
Gastronok is severely wounded.
The stinking cloud engulfs you but does no damage.
Gastronok is engulfed in noxious fumes.
The wall freezes Gastronok!
Gastronok misses you.
Unknown command.
Unknown command.
Unknown command.
Unknown command.
Casting: Mephitic Cloud (safe; 1% risk of failure)
Confirm with . or Enter, or press ? or * to list all spells.
Okay, then.
Casting: Mephitic Cloud (safe; 1% risk of failure)
Confirm with . or Enter, or press ? or * to list all spells.
Aiming: Lightning Bolt (dangerous; 9% risk of failure)
Press: ? - help, Shift-Dir - straight line You miscast Lightning Bolt.
You are blasted with magical energy!
Unknown command.
Unknown command.
Unknown command.
Casting: Lightning Bolt (dangerous; 9% risk of failure)
Confirm with . or Enter, or press ? or * to list all spells.
Aiming: Lightning Bolt (dangerous; 9% risk of failure)
Press: ? - help, Shift-Dir - straight line You miscast Lightning Bolt.
You are caught in a violent explosion!
* * * LOW HITPOINT WARNING * * *
x2 Gastronok is engulfed in noxious fumes.
The wall freezes Gastronok!
Gastronok waves his eye-stalks in wide circles.
The air twists around and strikes you!!
You die...

....###################.......#
....# ..w..........#.......#
....# .............#.......#
.#..# w............#.......#.#
.#..# .............#.......#.#
.#..# .............#.......#.#
....# #######.§≈≈..#.......+.#
##### ##w≈≈≈≈.########### #
#°@○∩≈≈........#..# #
#.≈≈≈≈≈........#.## +
#..≈≈≈.........+.## #
#..............#.## #
#...........>..#..# #
#..............#..# #
#..............#..# #
#..............'..+ +
#..............#..#


You could see Gastronok.

Vanquished Creatures
  A hydra (D:10)
  Erica (D:8)
  3 two-headed ogres
  An orc sorcerer (D:10)
  Joseph (D:8)
  An unseen horror (D:10)
  Psyche (D:10)
  3 trolls
  2 hornets
  A shadow (D:9)
  9 yaks
  An acid dragon (D:9)
  A two-headed ogre zombie (D:10)
  3 orc warriors
  An ice beast (D:6)
  A sky beast (D:7)
  A necrophage (D:6)
  6 centaurs
  3 phantoms
  2 bullfrogs (D:8)
  2 scorpions (D:4)
  A troll zombie (D:10)
  4 killer bees (D:8)
  17 wights
  3 centaur zombies
  A bullfrog zombie (D:7)
  A human zombie (Ossuary)
  5 orc priests
  2 hounds
  A jelly (D:5)
  2 iguanas
  8 orc wizards
  6 ogre zombies (D:10)
  A hound skeleton (D:4)
  4 mummies (Ossuary)
  A howler monkey zombie (D:7)
  A howler monkey skeleton (D:6)
  3 gnolls
  3 adders
  A shadow imp (D:8)
  2 ufetubi
  3 dart slugs
  41 orcs
  4 bats
  2 endoplasms
  2 giant cockroaches
  5 goblins
  2 hobgoblins
  A jackal (D:4)
  3 quokkas
  A ball python (D:3)
  4 goblin zombies
  A hobgoblin skeleton (D:10)
  3 hobgoblin zombies
  3 kobolds
  A kobold zombie (Ossuary)
  3 orc skeletons (D:10)
  18 orc zombies (D:10)
  2 rats
211 creatures vanquished.

Vanquished Creatures (collateral kills)
  Grinder (D:5)
  Purgy (Sewer)
  A phantom (D:6)
  A scorpion (D:6)
  An electric eel (D:10)
  A hound (D:4)
  4 orc wizards
  A howler monkey skeleton (D:4)
  7 gnolls
  A river rat (D:5)
  2 adders
  3 white imps
  2 worms
  A dart slug (D:2)
  11 orcs
  5 bats
  An endoplasm (D:3)
  4 goblins
  3 hobgoblins
  4 jackals
  A ball python (D:1)
  3 kobolds (D:2)
  A rat (D:2)
60 creatures vanquished.

Grand Total: 271 creatures vanquished

Notes
Turn   | Place    | Note
-------+----------+-------------------------------------------
     0 | D:1      | dickylongcocking the Djinni Hedge Wizard began the quest
                  | for the Orb.
     0 | D:1      | Reached XP level 1. HP: 15/15 MP: 0/0
   167 | D:1      | Reached skill level 1 in Fighting
   226 | D:1      | Reached XP level 2. HP: 17/22 MP: 0/0
  1307 | D:2      | Found a basalt altar of Yredelemnul.
  1322 | D:2      | Reached XP level 3. HP: 4/29 MP: 0/0
  1322 | D:2      | Learned a level 1 spell: Freeze
  2712 | D:3      | Found a faded altar of an unknown god.
  2722 | D:3      | Found Labaud's Armour Shop.
  2753 | D:3      | Reached XP level 4. HP: 34/35 MP: 0/0
  3538 | D:4      | Found a burning altar of Makhleb.
  3547 | D:4      | Reached XP level 5. HP: 41/41 MP: 0/0
  3547 | D:4      | Learned a level 2 spell: Wereblood
  3551 | D:4      | Became a worshipper of Makhleb the Destroyer
  3621 | D:4      | Reached skill level 5 in Fighting
  3698 | D:4      | Reached XP level 6. HP: 38/49 MP: 0/0
  4408 | D:4      | Reached skill level 3 in Dodging
  4456 | D:5      | Entered Level 5 of the Dungeon
  4516 | D:5      | Found a glowing drain.
  4526 | Sewer    | Entered a sewer
  4552 | Sewer    | Noticed Purgy
  4629 | Sewer    | Killed Purgy
  4629 | Sewer    | Reached * piety under Makhleb
  4748 | D:5      | Found a staircase to the Ecumenical Temple.
  5057 | D:5      | Reached XP level 7. HP: 54/54 MP: 0/0
  5057 | D:5      | Learned a level 3 spell: Ozocubu's Armour
  5107 | D:5      | Found a sparkling altar of Nemelex Xobeh.
  5165 | D:5      | Noticed Grinder
  5173 | D:5      | Reached skill level 4 in Dodging
  5245 | D:5      | Killed Grinder
  6043 | D:6      | Reached skill level 5 in Dodging
  6132 | D:6      | Reached XP level 8. HP: 16/59 MP: 0/0
  6407 | D:6      | Identified the +1 robe "Guse" {*Corrode Int+6}
  6592 | D:6      | Reached ** piety under Makhleb
  6681 | D:6      | Reached skill level 5 in Spellcasting
  7028 | D:7      | Identified a scroll of acquirement
  7031 | D:7      | Acquired a manual of Dodging
  7199 | D:7      | Reached skill level 6 in Dodging
  7364 | D:7      | Found a sand-covered staircase.
  7389 | Ossuary  | Entered an ossuary
  7438 | Ossuary  | Reached skill level 7 in Dodging
  7475 | Ossuary  | Reached XP level 9. HP: 65/65 MP: 0/0
  7475 | Ossuary  | Learned a level 3 spell: Frozen Ramparts
  7692 | D:7      | Reached skill level 8 in Dodging
  7939 | D:8      | Reached skill level 9 in Dodging
  7942 | D:8      | Reached skill level 10 in Dodging
  7946 | D:8      | Reached skill level 11 in Dodging
  8086 | D:8      | Reached *** piety under Makhleb
  8108 | D:8      | Reached skill level 12 in Dodging
  8108 | D:8      | Reached XP level 10. HP: 59/70 MP: 0/0
  8145 | D:8      | Noticed a two-headed ogre
  8164 | D:8      | Killed a two-headed ogre
  8165 | D:8      | Reached skill level 1 in Long Blades
  8220 | D:8      | Noticed Erica
  8253 | D:8      | Killed Erica
  8254 | D:8      | Reached skill level 13 in Dodging
  8379 | D:8      | Noticed Joseph
  8394 | D:8      | Killed Joseph
  8495 | D:8      | Found a broken altar of Ashenzari.
  8495 | D:8      | Found a hazy altar of Hepliaklqana.
  8504 | D:8      | Found a faded altar of an unknown god.
  8506 | D:8      | Found a glowing silver altar of Zin.
  8819 | D:9      | Noticed a two-headed ogre
  8835 | D:9      | Killed a two-headed ogre
  8836 | D:9      | Reached XP level 11. HP: 78/78 MP: 0/0
  8836 | D:9      | Learned a level 5 spell: Lightning Bolt
  9000 | D:9      | Reached skill level 14 in Dodging
  9225 | D:9      | Reached **** piety under Makhleb
  9765 | D:3      | Bought the +1 hat "Rymobra" {rElec Dex+4 SInv} for 427 gold
                  | pieces
 10242 | D:10     | Entered Level 10 of the Dungeon
 10282 | D:10     | Reached skill level 5 in Armour
 10292 | D:10     | Noticed an orc sorcerer
 10299 | D:10     | Killed an orc sorcerer
 10300 | D:10     | Noticed a five-headed hydra
 10309 | D:10     | Killed a five-headed hydra
 10310 | D:10     | Reached ***** piety under Makhleb
 10310 | D:10     | Noticed Psyche
 10313 | D:10     | Killed Psyche
 10347 | D:10     | Found a staircase to the Orcish Mines.
 10381 | D:10     | Reached skill level 15 in Dodging
 10462 | D:10     | Found a staircase to the Lair.
 10861 | D:11     | Found Biehiog's Jewellery Boutique.
 10866 | D:11     | Noticed a two-headed ogre
 10873 | D:11     | Killed a two-headed ogre
 10942 | D:11     | Found Reojiusch's Antique Armour Shoppe.
 10950 | D:11     | Bought a pair of embroidered gloves for 180 gold pieces
 11044 | D:11     | Found Yrisch's Armour Boutique.
 11128 | D:11     | Reached XP level 12. HP: 46/88 MP: 0/0
 11243 | D:11     | Found Caraz's Armour Emporium.
 11253 | D:11     | Noticed Gastronok
 11281 | D:11     | Killed from afar by Gastronok

Illustrated notes

Levels and vault maps discovered:
D:1:      lightli_arrival_chessboard, layout_basic, minmay_liquid_box
D:2:      layout_basic, basic_altar
D:3:      layout_basic, serial_shops, shop,
          hellmonk_ecumenical_altar_pennies_from_heaven,
          kennysheep_generic_room_9
D:4:      layout_layer_cave, makhleb_heckhound_becter
D:5:      layout_basic, marbit_many_paths, minmay_temple_entry_glassed_door,
          cheibrodos_sewer_entry_sluice, uniq_grinder
D:6:      layout_basic, minmay_misc_feat_alley, chequers_hall_statues_y,
          grunt_decor_junction, skrybe_limestone_x
D:7:      layout_cave_pools, nicolae_ossuary_entry_ruins
D:8:      layout_basic, chequers_temple_overflow_minitemple, nrook_uturn,
          uniq_erica, uniq_joseph
D:9:      layout_roguey [special_room_orc]
D:10:     layout_roguey, lair_entry_dummy, zombieorc2_lemuel,
          nicolae_lava_and_water, uniq_psyche
D:11:     lemuel_ice_spiral_2, layout_stronghold, serial_shops,
          nicolae_shop_behind_doors, nicolae_shop_crystal, shop,
          nicolae_shop_waterfront, shop, uniq_gastronok

Skill      XL: |  1  2  3  4  5  6  7  8  9 10 11 |
---------------+----------------------------------+-----
Fighting       | 1 2 3 4 5 6 8 |  8.5
Dodging        | 3 5 7 12 13 15 | 15.1
Spellcasting   | 3 4 6 7 |  7.0
Long Blades    | 3 4 |  4.2
Armour         | 4 6 |  6.7
Stealth        | |  1.5

Action                   |  1- 3 |  4- 6 |  7- 9 | 10-12 || total
-------------------------+-------+-------+-------+-------++-------
Melee: Dagger            |    31 |       |    92 |       ||   123
       Short sword       |    34 |   154 |   127 |   130 ||   445
       Flail             |       |       |   153 |       ||   153
       Whip              |       |       |     8 |       ||     8
       Staff             |       |       |       |     8 ||     8
 Cast: Magic Dart        |    12 |     9 |    17 |     3 ||    41
       Call Imp          |    28 |    65 |   100 |     4 ||   197
       Mephitic Cloud    |       |     3 |     4 |     8 ||    15
       Wereblood         |       |     1 |     1 |     1 ||     3
       Conjure Flame     |       |       |     3 |       ||     3
       Freeze            |       |       |     2 |     5 ||     7
       Frozen Ramparts   |       |       |     5 |    16 ||    21
       Ozocubu's Armour  |       |       |       |     9 ||     9
       Lightning Bolt    |       |       |       |    64 ||    64
       Slow              |       |       |       |     2 ||     2
Evoke: Wand              |       |       |       |     1 ||     1
  Use: Potion            |       |       |     5 |     2 ||     7
       Scroll            |       |       |     6 |     3 ||     9
 Stab: Sleeping          |     1 |       |     2 |       ||     3
       Distracted        |       |     1 |     2 |       ||     3
       Confused          |       |       |     8 |     6 ||    14
Armor: Robe              |    27 |    51 |   127 |    16 ||   221
Dodge: Dodged            |    63 |   159 |   307 |   243 ||   772

Table legend: (Time is in decaauts)
 A = Elapsed time spent in this place.
 B = Non-inter-level travel time spent in this place.
 C = Inter-level travel time spent in this place.
 D = Time resting spent in this place.
 E = Time spent auto-exploring this place.
 F = Levels seen in this place.
 G = Mean time per level.
                   A        B        C        D        E       F      G
               +--------+--------+--------+--------+--------+-----+--------+
         Total |  11283 |  10408 |    875 |    608 |   7434 |  13 |  867.9 |
       Dungeon |  10822 |   9947 |    875 |    608 |   7246 |  11 |  983.8 |
         Sewer |    168 |    168 |      0 |      0 |     40 |   1 |  168.0 |
       Ossuary |    293 |    293 |      0 |      0 |    148 |   1 |  293.0 |
               +--------+--------+--------+--------+--------+-----+--------+

Top non-repeatable levels by time:
     D:2: 1360 daAuts
     D:1: 1315 daAuts
     D:5: 1254 daAuts
     D:6: 1199 daAuts
     D:4: 1166 daAuts
     D:3: 1024 daAuts
     D:9: 947 daAuts
     D:8: 848 daAuts
     D:7: 666 daAuts
    D:11: 536 daAuts
    D:10: 501 daAuts
 Ossuary: 293 daAuts
   Sewer: 168 daAuts
